 Dungeon Crawl Stone Soup version 0.26-b1-45-g23770d1d51 (webtiles) character file.

Game seed: 16990218053727890925

63 DocSulfur the Ruffian (level 3, 1/29 HPs)
             Began as a Draconian Transmuter on Jan 6, 2021.
             Quit the game on level 2 of the Dungeon.
             The game lasted 00:03:16 (2121 turns).

DocSulfur the Ruffian (Draconian Transmuter)        Turns: 2121, Time: 00:03:16

Health: 1/29       AC:  6    Str: 13    XL:     3   Next: 89%
Magic:  5/6        EV: 12    Int: 13    God:
Gold:   145        SH:  0    Dex: 11    Spells: 3/6 levels left

rFire    . . .     SeeInvis .     - Unarmed
rCold    . . .     Faith    .   (no shield)
rNeg     . . .     Spirit   .   (armour unavailable)
rPois    .         Reflect  .   (helmet currently unavailable)
rElec    .         Harm     .   (no cloak)
rCorr    .         Rampage  .   l - +0 pair of gloves
Will     .....                  (boots currently unavailable)
Stlth    +.........             (no amulet)
HPRegen  0.09/turn              (no ring)
MPRegen  0.10/turn              (no ring)

@: appendages
A: unfitting armour, horns 2, talons 2, cold-blooded, AC +5
a: End Transformation


You were on level 2 of the Dungeon.
You had grown temporary horns.
You had grown temporary talons.
You visited 1 branch of the dungeon, and saw 2 of its levels.

You collected 145 gold pieces.

Inventory:

Missiles
 b - 28 stones
 d - 39 arrows
Armour
 l - a +0 pair of gloves (worn)
Potions
 a - a potion of attraction
 c - a potion of invisibility {unknown}
 e - a potion of flight {unknown}
 f - a potion of resistance {unknown}
 h - a potion of magic {unknown}
 i - a potion of cancellation {unknown}
 j - a potion of brilliance {unknown}
 m - a potion of ambrosia {unknown}
 n - a potion of heal wounds {unknown}


   Skills:
 + Level 1.9 Fighting
 - Level 1.7 Dodging
 * Level 3.6 Unarmed Combat
 + Level 2.4 Spellcasting
 * Level 2.9 Transmutations


You had 3 spell levels left.
You knew the following spells:

 Your Spells              Type           Power        Failure   Level
a - Beastly Appendage     Tmut           18%          7%          1
b - Wereblood             Tmut           9%           11%         2

Your spell library contained the following spells:

 Spells                   Type           Power        Failure   Level
 Spider Form              Tmut/Pois      2%           36%         3
 Ice Form                 Ice/Tmut       5%           78%         4
 Blade Hands              Tmut           4%           89%         5


Dungeon Overview and Level Annotations

Branches:
Dungeon (2/15)

Altars:


Innate Abilities, Weirdness & Mutations

Your plain brown scales are hard. (AC +5)
You cannot fit into any form of body armour.
You are cold-blooded and may be slowed by cold attacks.
You have a pair of horns on your head.
You have razor-sharp toenails.


Message History

Your primal bloodlust is almost over.
Your primal bloodlust has ended.
The gnoll barely misses you. The gnoll barely misses you.
The gnoll shouts!
The gnoll shouts!
As you read the scroll labelled XYOFIRGH KATZI, it crumbles to dust.
You feel blessed for a moment.
It was a scroll of remove curse.
The gnoll hits you from afar with a +0 spear.
The gnoll barely misses you.
Casting: Wereblood (safe; 11% risk of failure)
Confirm with . or Enter, or press ? or * to list all spells.
You grow a pair of large bovine horns.
Your feet morph into talons.
The gnoll misses you. The gnoll hits you with a +0 halberd!
* * * LOW HITPOINT WARNING * * *
As you read the scroll labelled JOISOGIDWO, it crumbles to dust.
It is a scroll of identify.
a - a potion of attraction The gnoll hits you but does no damage.
Are you sure you want to abandon this character and quit the game? (Confirm with "yes".)

##.# #..# #.#.#.####...#######...
##.###..###.#.#..................
.................###...#####.....
#####............# ##.## #.†... #
#...#####.##.# #.# #.#... #
#.#.#####.##.# #.# #.#... #
#.#..........# #.# #.#### #
#.##########g# #># #.###. # #.#
#@# #.######..##) # #.# #.#
#..........). #.# #g#
#########.### #.# #g# ###.### #.#
#.# #...... #####.##########.#
#.#.### .....)#.g.gg.gg..# #.#.#
####...g#######..# #>#.#
.....#..# #.<# #.#.#


You could see 3 gnolls.

Vanquished Creatures
  A gnoll (D:2)
  A worm (D:2)
  A dart slug (D:1)
  4 leopard geckos
  A ball python (D:2)
  4 bats
  2 giant cockroaches
  6 goblins
  4 hobgoblins
  4 jackals (D:2)
  5 kobolds
  3 frilled lizards
  4 rats
40 creatures vanquished.

Notes
Turn   | Place    | Note
-------+----------+-------------------------------------------
     0 | D:1      | DocSulfur the Draconian Transmuter began the quest for the
                  | Orb.
     0 | D:1      | Reached XP level 1. HP: 16/16 MP: 3/3
   204 | D:1      | Reached XP level 2. HP: 17/23 MP: 3/5
   948 | D:2      | Reached XP level 3. HP: 28/28 MP: 4/6
   951 | D:2      | Learned a level 2 spell: Wereblood
  2119 | D:2      | HP: 1/29 [gnoll/+0 halberd (9)]
  2121 | D:2      | Quit the game

Illustrated notes

Levels and vault maps discovered:
D:1:      minmay_arrival_open_corners, layout_loops_ring
D:2:      layout_loops_ring, minmay_overflow_temple_star_hex

Action                   || total
-------------------------++-------
Melee: Unarmed           ||   124
       Kick              ||    20
       Headbutt          ||    14
       Tailslap          ||    13
       Punch             ||     1
 Cast: Beastly Appendage ||    23
       Wereblood         ||     5
  Use: Scroll            ||     2
Armor: Skin              ||    32
Dodge: Dodged            ||    96
